General information
- name: BNet
- type: Ladder team game (AT/RT)
- host: Battle.net
- saver: SCENICWORLD
map: GolemsInTheMist
- players: 8
- length: 47:22
- speed: Fast
- version: 1.24 W3XP
- replay type: Public
» download(474 KB)
Players
team 1 (loser)

»
AhH-MarRRrrRCo (
red | 113 APM | 5359 actions | 47:21)
5 Death Knight
3 Death Coil
2 Unholy Aura
4 Lich
2 Frost Nova
2 Frost Armor
» actions
| Assign group hotkey | 56 | |
| Basic commands | 93 | |
| Build / train | 65 | |
| Enter build submenu | 20 | |
| Enter hero's abilities submenu | 11 | |
| Give item / drop item | 1 | |
| Remove unit from queue | 1 | |
| Right click | 2877 | |
| Select / deselect | 885 | |
| Select group hotkey | 1193 | |
| Use ability | 156 | |
5359 total
» units
| Acolyte | 2 | |
| Ghoul | 4 | |
| Crypt Fiend | 7 | |
| Frost Wyrm | 5 | |
| Goblin Zeppelin | 1 | |
| Glaive Thrower | 5 | |
| Archer | 1 | |
25 total
» upgrades
| Creature Attack | 2 | |
| Web | 1 | |
| Freezing Breath | 1 | |
| Burrow | 1 | |
| Creature Carapace | 2 | |
7 total
» buildings
| Crypt | 1 | |
| Graveyard | 1 | |
| Altar of Darkness | 1 | |
| Ziggurat | 9 | |
| Tomb of Relics | 1 | |
| Nerubian Tower | 4 | |
| Halls of the Dead | 1 | |
| Black Citadel | 1 | |
| Spirit Tower | 4 | |
| Sacrificial Pit | 1 | |
| Boneyard | 2 | |
| Tree of Life | 3 | |
29 total
» build order
00:09 Crypt
00:25 Graveyard
00:46 Altar of Darkness
00:58 Ziggurat
01:29 Tomb of Relics
02:04 Ziggurat
02:34 Nerubian Tower
02:34 Nerubian Tower
04:16 Halls of the Dead
04:40 Ziggurat
05:51 Ziggurat
07:24 Black Citadel
08:13 Spirit Tower
09:15 Sacrificial Pit
10:09 Boneyard
10:17 Boneyard
11:21 Nerubian Tower
11:27 Ziggurat
11:37 Ziggurat
13:30 Ziggurat
13:32 Ziggurat
16:32 Spirit Tower
16:32 Spirit Tower
16:34 Ziggurat
43:31 Spirit Tower
44:00 Tree of Life
44:13 Tree of Life
45:04 Tree of Life
» items
| Rod of Necromancy | 3 | |
| Dust of Appearance | 2 | |
| Scroll of Town Portal | 1 | |
| Potion of Healing | 3 | |
| Orb of Corruption | 2 | |
11 total

»
maaarrrcooo (
purple | 102 APM | 4013 actions | 39:15)
4 Death Knight
2 Death Coil
2 Unholy Aura
3 Lich
2 Frost Nova
1 Frost Armor
» actions
| Assign group hotkey | 40 | |
| Basic commands | 8 | |
| Build / train | 72 | |
| Enter build submenu | 20 | |
| Enter hero's abilities submenu | 8 | |
| Give item / drop item | 1 | |
| Right click | 1917 | |
| Select / deselect | 373 | |
| Select group hotkey | 1476 | |
| Use ability | 98 | |
4013 total
» units
| Acolyte | 10 | |
| Ghoul | 5 | |
| Crypt Fiend | 8 | |
| Obsidian Statue | 1 | |
| Meatwagon | 11 | |
| Frost Wyrm | 6 | |
41 total
» upgrades
| Burrow | 1 | |
| Destroyer Form | 1 | |
| Web | 1 | |
| Ghoul Frenzy | 1 | |
| Creature Attack | 1 | |
| Freezing Breath | 1 | |
6 total
» buildings
| Crypt | 1 | |
| Graveyard | 1 | |
| Altar of Darkness | 1 | |
| Ziggurat | 7 | |
| Tomb of Relics | 1 | |
| Nerubian Tower | 3 | |
| Halls of the Dead | 2 | |
| Black Citadel | 1 | |
| Slaughterhouse | 2 | |
| Sacrificial Pit | 1 | |
| Spirit Tower | 3 | |
| Boneyard | 2 | |
| Necropolis | 1 | |
26 total
» build order
00:05 Crypt
00:09 Graveyard
00:42 Altar of Darkness
00:57 Ziggurat
01:24 Tomb of Relics
02:01 Ziggurat
02:11 Nerubian Tower
02:12 Nerubian Tower
03:32 Halls of the Dead
03:32 Halls of the Dead
04:13 Ziggurat
06:41 Black Citadel
07:21 Slaughterhouse
08:31 Slaughterhouse
08:40 Ziggurat
09:23 Sacrificial Pit
12:06 Ziggurat
12:09 Ziggurat
16:40 Spirit Tower
16:42 Spirit Tower
16:43 Spirit Tower
20:33 Ziggurat
20:40 Boneyard
23:02 Necropolis
23:45 Boneyard
» items
| Rod of Necromancy | 2 | |
| Dust of Appearance | 3 | |
| Scroll of Town Portal | 1 | |
| Orb of Corruption | 1 | |
7 total

»
rOFl-lOl-oMg (
teal | 126 APM | 3020 actions | 23:57)
5 Priestess of the Moon
2 Searing Arrows
3 Trueshot Aura
» actions
| Assign group hotkey | 32 | |
| Basic commands | 119 | |
| Build / train | 71 | |
| ESC pressed | 2 | |
| Enter build submenu | 18 | |
| Enter hero's abilities submenu | 5 | |
| Give item / drop item | 1 | |
| Remove unit from queue | 2 | |
| Right click | 1197 | |
| Select / deselect | 523 | |
| Select group hotkey | 996 | |
| Use ability | 54 | |
3020 total
» units
| Wisp | 26 | |
| Archer | 17 | |
| Glaive Thrower | 8 | |
| Goblin Zeppelin | 2 | |
53 total
» upgrades
| Improved Bows | 1 | |
| Vorpal Blades | 1 | |
| Strength of the Moon | 2 | |
| Ultravision | 1 | |
| Nature's Blessing | 1 | |
6 total
» buildings
| Altar of Elders | 1 | |
| Moon Well | 6 | |
| Ancient of War | 2 | |
| Tree of Ages | 1 | |
| Hunter's Hall | 1 | |
| Ancient of Wind | 1 | |
| Tree of Life | 1 | |
| Ancient Protector | 4 | |
| Ancient of Wonders | 1 | |
| Tree of Eternity | 1 | |
19 total
» build order
00:05 Altar of Elders
00:18 Moon Well
00:32 Ancient of War
01:37 Moon Well
02:05 Ancient of War
03:33 Moon Well
04:16 Tree of Ages
04:33 Moon Well
05:51 Hunter's Hall
06:53 Ancient of Wind
09:03 Tree of Life
16:48 Ancient Protector
16:53 Ancient Protector
20:15 Ancient Protector
20:17 Ancient Protector
20:27 Ancient of Wonders
21:02 Moon Well
21:06 Moon Well
22:41 Tree of Eternity
» items
| Scroll of Town Portal | 1 | |
| Potion of Healing | 1 | |
2 total

»
sugar_chrisboo (
orange | 113 APM | 4352 actions | 38:30)
5 Keeper of the Grove
2 Entangling Roots
3 Thorns Aura
1 Priestess of the Moon
1 Starfall
» actions
| Assign group hotkey | 292 | |
| Basic commands | 28 | |
| Build / train | 89 | |
| Enter build submenu | 37 | |
| Enter hero's abilities submenu | 6 | |
| Give item / drop item | 1 | |
| Right click | 2433 | |
| Select / deselect | 319 | |
| Select group hotkey | 1025 | |
| Use ability | 122 | |
4352 total
» units
| Wisp | 29 | |
| Archer | 21 | |
| Chimaera | 6 | |
| Glaive Thrower | 10 | |
66 total
» upgrades
| Strength of the Moon | 2 | |
| Moon Armor | 1 | |
| Improved Bows | 1 | |
| Marksmanship | 1 | |
| Corrosive Breath | 1 | |
| Strength of the Wild | 1 | |
| Reinforced Hides | 1 | |
8 total
» buildings
| Altar of Elders | 1 | |
| Moon Well | 6 | |
| Ancient of War | 2 | |
| Tree of Ages | 1 | |
| Hunter's Hall | 1 | |
| Tree of Eternity | 1 | |
| Ancient of Wonders | 1 | |
| Ancient Protector | 17 | |
| Ancient of Wind | 1 | |
| Chimaera Roost | 3 | |
| Tree of Life | 3 | |
37 total
» build order
00:08 Altar of Elders
00:19 Moon Well
00:34 Ancient of War
01:29 Moon Well
02:30 Moon Well
03:03 Ancient of War
03:44 Tree of Ages
04:39 Hunter's Hall
06:40 Moon Well
06:54 Tree of Eternity
07:26 Ancient of Wonders
08:51 Moon Well
09:32 Ancient Protector
10:05 Ancient of Wind
11:12 Chimaera Roost
11:47 Chimaera Roost
11:51 Chimaera Roost
12:04 Moon Well
12:35 Tree of Life
12:37 Ancient Protector
16:07 Ancient Protector
16:11 Ancient Protector
16:15 Ancient Protector
17:14 Ancient Protector
17:16 Ancient Protector
17:51 Ancient Protector
17:55 Ancient Protector
20:02 Tree of Life
20:12 Ancient Protector
20:14 Ancient Protector
20:15 Ancient Protector
20:34 Ancient Protector
25:25 Ancient Protector
25:46 Ancient Protector
26:09 Ancient Protector
26:11 Ancient Protector
27:28 Tree of Life
» items
| Potion of Healing | 3 | |
| Orb of Venom | 1 | |
| Scroll of Town Portal | 1 | |
5 total
team 2 (winner)

»
GAY.NlGGER (
yellow | 120 APM | 5676 actions | 47:21)
8 Blademaster
3 Wind Walk
3 Critical Strike
1 Bladestorm
1 Mirror Image
5 Tauren Chieftain
3 Shockwave
2 Endurance Aura
» actions
| Assign group hotkey | 49 | |
| Basic commands | 78 | |
| Build / train | 167 | |
| ESC pressed | 4 | |
| Enter build submenu | 71 | |
| Enter hero's abilities submenu | 13 | |
| Give item / drop item | 9 | |
| Right click | 2932 | |
| Select / deselect | 449 | |
| Select group hotkey | 1499 | |
| Use ability | 405 | |
5676 total
» units
| Peon | 38 | |
| Goblin Zeppelin | 2 | |
| Goblin Shredder | 1 | |
| Troll Batrider | 15 | |
| Kodo Beast | 1 | |
| Wind Rider | 16 | |
73 total
» upgrades
| Reinforced Defenses | 1 | |
| Liquid Fire | 1 | |
| War Drums Damage Increase | 1 | |
| Ranged Weapons | 2 | |
| Envenomed Spears | 1 | |
| Armor | 1 | |
7 total
» buildings
| Altar of Storms | 2 | |
| Orc Burrow | 9 | |
| Voodoo Lounge | 2 | |
| War Mill | 2 | |
| Watch Tower | 41 | |
| Great Hall | 4 | |
| Stronghold | 2 | |
| Fortress | 1 | |
| Beastiary | 3 | |
66 total
» build order
00:15 Altar of Storms
00:20 Orc Burrow
00:52 Voodoo Lounge
01:10 War Mill
01:41 Orc Burrow
02:31 Watch Tower
02:44 Watch Tower
03:38 Watch Tower
03:40 Watch Tower
04:12 Watch Tower
04:28 Watch Tower
04:29 Watch Tower
05:50 Watch Tower
06:05 Great Hall
06:06 Watch Tower
08:20 War Mill
08:34 Orc Burrow
09:39 Watch Tower
11:03 Watch Tower
11:04 Watch Tower
11:25 Great Hall
11:37 Voodoo Lounge
12:37 Stronghold
12:38 Watch Tower
12:42 Watch Tower
13:03 Watch Tower
13:30 Watch Tower
13:31 Watch Tower
14:26 Watch Tower
14:44 Altar of Storms
15:09 Orc Burrow
16:22 Fortress
17:07 Watch Tower
17:07 Watch Tower
17:08 Watch Tower
17:14 Beastiary
19:02 Watch Tower
19:05 Beastiary
19:10 Watch Tower
20:07 Watch Tower
20:24 Great Hall
20:43 Watch Tower
20:48 Orc Burrow
20:56 Watch Tower
21:02 Watch Tower
21:03 Watch Tower
21:03 Watch Tower
21:04 Watch Tower
21:05 Watch Tower
21:32 Watch Tower
22:02 Watch Tower
22:52 Watch Tower
22:53 Watch Tower
22:53 Watch Tower
24:12 Watch Tower
24:17 Watch Tower
24:25 Beastiary
25:43 Watch Tower
25:44 Watch Tower
27:52 Watch Tower
41:37 Orc Burrow
41:38 Orc Burrow
41:39 Orc Burrow
42:53 Orc Burrow
44:30 Great Hall
» items
| Lesser Clarity Potion | 16 | |
| Healing Salve | 11 | |
| Potion of Healing | 10 | |
| Potion of Mana | 12 | |
| Scroll of Speed | 4 | |
| Scroll of Regeneration | 1 | |
| Orb of Lightning | 2 | |
| Scroll of Town Portal | 5 | |
| Staff of Sanctuary | 1 | |
62 total

»
Gobiner (
blue | 54 APM | 2574 actions | 47:21)
6 Blademaster
3 Wind Walk
2 Critical Strike
1 Bladestorm
» actions
| Assign group hotkey | 18 | |
| Basic commands | 28 | |
| Build / train | 114 | |
| ESC pressed | 7 | |
| Enter build submenu | 102 | |
| Enter hero's abilities submenu | 6 | |
| Give item / drop item | 2 | |
| Right click | 1176 | |
| Select / deselect | 392 | |
| Select group hotkey | 386 | |
| Use ability | 343 | |
2574 total
» units
» upgrades
| Liquid Fire | 1 | |
| Ranged Weapons | 3 | |
| Armor | 3 | |
| Troll Regeneration | 1 | |
| Burning Oil | 1 | |
| Spiked Barricades | 3 | |
| Reinforced Defenses | 1 | |
| Melee Weapons | 3 | |
| Envenomed Spears | 1 | |
| Ensnare | 1 | |
| Berserker Upgrade | 1 | |
| Berserker Strength | 1 | |
| Pillage | 1 | |
| Backpack | 1 | |
22 total
» buildings
| Altar of Storms | 1 | |
| Orc Burrow | 4 | |
| War Mill | 3 | |
| Watch Tower | 80 | |
| Voodoo Lounge | 4 | |
| Stronghold | 1 | |
| Great Hall | 1 | |
| Beastiary | 2 | |
| Fortress | 1 | |
| Barracks | 1 | |
98 total
» build order
00:11 Altar of Storms
00:21 Orc Burrow
00:32 War Mill
01:48 Watch Tower
02:11 Orc Burrow
02:33 Voodoo Lounge
02:59 Watch Tower
03:29 Watch Tower
04:15 Watch Tower
04:51 Watch Tower
04:52 Watch Tower
04:55 Watch Tower
04:56 Watch Tower
05:44 Watch Tower
05:45 Watch Tower
05:47 Watch Tower
06:11 Stronghold
06:16 Watch Tower
06:17 Watch Tower
07:09 Watch Tower
07:15 Watch Tower
07:25 Watch Tower
07:26 Watch Tower
07:30 Voodoo Lounge
07:33 Watch Tower
08:32 Watch Tower
08:32 Watch Tower
08:43 Watch Tower
09:48 Great Hall
09:55 Beastiary
09:57 Beastiary
10:02 Orc Burrow
10:16 Fortress
11:01 Orc Burrow
11:35 War Mill
12:02 Voodoo Lounge
12:07 Voodoo Lounge
16:58 Barracks
17:28 Watch Tower
17:29 Watch Tower
18:15 Watch Tower
18:40 Watch Tower
18:53 Watch Tower
19:42 Watch Tower
19:44 Watch Tower
19:47 Watch Tower
21:38 Watch Tower
21:39 Watch Tower
21:41 Watch Tower
26:26 Watch Tower
27:31 Watch Tower
27:33 Watch Tower
27:35 Watch Tower
27:42 Watch Tower
27:42 Watch Tower
27:44 Watch Tower
27:44 Watch Tower
28:39 Watch Tower
28:55 Watch Tower
30:15 Watch Tower
30:55 Watch Tower
30:56 Watch Tower
31:20 Watch Tower
31:22 Watch Tower
31:49 Watch Tower
32:30 Watch Tower
32:35 Watch Tower
33:32 Watch Tower
34:47 Watch Tower
34:48 Watch Tower
36:16 Watch Tower
36:32 Watch Tower
36:33 Watch Tower
37:24 Watch Tower
37:25 Watch Tower
37:38 Watch Tower
38:42 Watch Tower
38:43 Watch Tower
38:45 Watch Tower
38:53 Watch Tower
39:00 Watch Tower
39:21 Watch Tower
40:14 Watch Tower
40:15 Watch Tower
40:15 Watch Tower
40:25 Watch Tower
40:26 Watch Tower
41:58 Watch Tower
41:59 Watch Tower
42:00 Watch Tower
42:03 Watch Tower
42:03 Watch Tower
43:10 Watch Tower
43:10 Watch Tower
43:11 Watch Tower
43:13 Watch Tower
43:15 Watch Tower
44:24 War Mill
» items
| Lesser Clarity Potion | 13 | |
| Healing Salve | 4 | |
| Scroll of Speed | 3 | |
| Orb of Lightning | 1 | |
| Scroll of Town Portal | 1 | |
| Potion of Healing | 1 | |
23 total

»
SCENICWORLD (
green | 109 APM | 5155 actions | 47:22)
5 Warden
3 Shadow Strike
2 Blink
» actions
| Assign group hotkey | 783 | |
| Basic commands | 6 | |
| Build / train | 102 | |
| Enter build submenu | 24 | |
| Enter hero's abilities submenu | 5 | |
| Give item / drop item | 1 | |
| Remove unit from queue | 9 | |
| Right click | 3156 | |
| Select / deselect | 829 | |
| Select group hotkey | 48 | |
| Use ability | 191 | |
5155 total
» units
| Wisp | 53 | |
| Druid of the Talon | 7 | |
60 total
» upgrades
| Druid of the Talon Training | 2 | |
| Mark of the Talon | 1 | |
| Nature's Blessing | 1 | |
4 total
» buildings
| Altar of Elders | 2 | |
| Moon Well | 7 | |
| Tree of Ages | 3 | |
| Tree of Life | 4 | |
| Ancient of Wind | 4 | |
| Tree of Eternity | 3 | |
| Ancient of War | 1 | |
24 total
» build order
00:03 Altar of Elders
00:16 Moon Well
02:05 Moon Well
04:35 Tree of Ages
04:35 Tree of Ages
07:56 Tree of Life
08:33 Ancient of Wind
09:08 Tree of Eternity
09:32 Ancient of Wind
09:34 Ancient of Wind
09:58 Moon Well
19:46 Ancient of War
24:57 Moon Well
24:57 Moon Well
24:58 Moon Well
25:01 Moon Well
26:05 Altar of Elders
26:53 Tree of Life
27:07 Tree of Life
35:05 Tree of Life
41:45 Tree of Ages
44:08 Tree of Eternity
44:11 Ancient of Wind
» items
| Lesser Clarity Potion | 3 | |
| Healing Salve | 4 | |
| Orb of Lightning | 1 | |
| Potion of Healing | 5 | |
13 total
timg4strOK (
pink | 120 APM | 5692 actions | 47:21)
5 Archmage
3 Blizzard
2 Brilliance Aura
4 Paladin
2 Holy Light
1 Divine Shield
1 Devotion Aura
» actions
| Assign group hotkey | 10 | |
| Basic commands | 30 | |
| Build / train | 204 | |
| ESC pressed | 5 | |
| Enter build submenu | 133 | |
| Enter hero's abilities submenu | 9 | |
| Give item / drop item | 2 | |
| Right click | 2799 | |
| Select / deselect | 511 | |
| Select group hotkey | 1487 | |
| Use ability | 502 | |
5692 total
» units
| Peasant | 28 | |
| Dragonhawk Rider | 8 | |
36 total
» upgrades
| Masonry | 3 | |
| Lumber Harvesting | 2 | |
| Magic Sentry | 1 | |
| Cloud | 1 | |
| Armor | 3 | |
| Animal War Training | 1 | |
| Swords | 2 | |
13 total
» buildings
| Altar of Kings | 1 | |
| Barracks | 2 | |
| Farm | 6 | |
| Lumber Mill | 4 | |
| Scout Tower | 166 | |
| Arcane Tower | 4 | |
| Guard Tower | 104 | |
| Arcane Vault | 1 | |
| Town Hall | 2 | |
| Keep | 1 | |
| Arcane Sanctum | 1 | |
| Castle | 1 | |
| Gryphon Aviary | 1 | |
| Blacksmith | 1 | |
295 total
» build order
00:06 Altar of Kings
00:12 Barracks
00:24 Farm
00:42 Lumber Mill
01:05 Farm
01:12 Scout Tower
01:19 Scout Tower
01:21 Scout Tower
01:40 Scout Tower
01:40 Scout Tower
01:43 Scout Tower
01:44 Arcane Tower
01:48 Arcane Tower
01:50 Scout Tower
02:00 Guard Tower
02:21 Guard Tower
02:22 Scout Tower
02:29 Scout Tower
02:32 Guard Tower
02:56 Guard Tower
02:56 Guard Tower
03:21 Guard Tower
03:23 Scout Tower
03:23 Scout Tower
03:29 Scout Tower
03:29 Scout Tower
03:57 Guard Tower
03:58 Scout Tower
03:59 Scout Tower
04:11 Scout Tower
04:12 Scout Tower
04:34 Scout Tower
04:40 Scout Tower
04:41 Scout Tower
04:42 Guard Tower
04:43 Guard Tower
05:07 Scout Tower
05:08 Scout Tower
05:09 Guard Tower
05:36 Guard Tower
05:37 Guard Tower
05:38 Guard Tower
05:39 Farm
05:39 Farm
05:42 Scout Tower
05:43 Scout Tower
06:09 Scout Tower
06:09 Scout Tower
06:11 Guard Tower
06:12 Guard Tower
06:19 Guard Tower
06:21 Guard Tower
06:25 Scout Tower
06:28 Scout Tower
06:30 Guard Tower
06:32 Scout Tower
06:33 Scout Tower
06:34 Scout Tower
06:45 Scout Tower
06:46 Scout Tower
06:46 Scout Tower
06:47 Scout Tower
06:47 Scout Tower
06:49 Scout Tower
06:51 Scout Tower
06:52 Scout Tower
06:53 Scout Tower
06:57 Guard Tower
06:58 Scout Tower
07:12 Guard Tower
07:14 Scout Tower
07:15 Scout Tower
07:15 Scout Tower
07:25 Scout Tower
07:26 Guard Tower
07:41 Scout Tower
07:45 Guard Tower
07:55 Guard Tower
07:58 Scout Tower
07:59 Guard Tower
07:59 Guard Tower
08:02 Guard Tower
08:04 Scout Tower
08:05 Scout Tower
08:07 Scout Tower
08:08 Scout Tower
08:10 Guard Tower
08:12 Scout Tower
08:14 Scout Tower
08:26 Guard Tower
08:32 Guard Tower
08:33 Guard Tower
08:42 Guard Tower
08:44 Scout Tower
08:49 Arcane Tower
08:49 Arcane Tower
09:19 Guard Tower
09:20 Scout Tower
09:20 Scout Tower
09:23 Guard Tower
09:26 Scout Tower
09:26 Scout Tower
09:43 Guard Tower
09:45 Scout Tower
09:46 Scout Tower
09:48 Scout Tower
10:02 Guard Tower
10:19 Guard Tower
10:20 Guard Tower
10:25 Arcane Vault
10:41 Scout Tower
10:41 Scout Tower
11:05 Town Hall
11:10 Scout Tower
11:11 Scout Tower
11:12 Scout Tower
11:12 Scout Tower
11:18 Guard Tower
11:37 Guard Tower
11:42 Scout Tower
11:43 Scout Tower
11:51 Scout Tower
11:51 Scout Tower
12:17 Scout Tower
12:17 Scout Tower
12:20 Guard Tower
12:27 Scout Tower
12:28 Scout Tower
12:44 Guard Tower
12:46 Guard Tower
12:54 Scout Tower
12:55 Scout Tower
12:56 Scout Tower
12:56 Scout Tower
13:10 Guard Tower
13:10 Guard Tower
13:17 Keep
13:19 Scout Tower
13:20 Scout Tower
13:21 Guard Tower
13:23 Scout Tower
13:23 Scout Tower
13:24 Guard Tower
13:32 Scout Tower
13:33 Scout Tower
13:34 Scout Tower
13:35 Scout Tower
13:47 Guard Tower
13:54 Guard Tower
14:00 Scout Tower
14:00 Scout Tower
14:01 Scout Tower
14:02 Scout Tower
14:03 Guard Tower
14:12 Guard Tower
14:17 Lumber Mill
14:19 Guard Tower
14:20 Scout Tower
14:21 Scout Tower
14:28 Guard Tower
14:45 Guard Tower
14:53 Guard Tower
15:11 Guard Tower
15:16 Scout Tower
15:17 Scout Tower
15:17 Scout Tower
15:37 Guard Tower
15:37 Guard Tower
15:38 Guard Tower
15:58 Guard Tower
16:00 Scout Tower
16:00 Scout Tower
16:01 Scout Tower
16:02 Scout Tower
16:06 Scout Tower
16:07 Scout Tower
16:08 Scout Tower
16:08 Scout Tower
16:11 Scout Tower
16:12 Scout Tower
16:13 Scout Tower
16:14 Scout Tower
16:19 Arcane Sanctum
16:25 Lumber Mill
16:32 Guard Tower
17:02 Guard Tower
17:04 Guard Tower
17:12 Guard Tower
17:18 Scout Tower
17:43 Guard Tower
17:44 Scout Tower
17:45 Scout Tower
17:45 Scout Tower
17:46 Scout Tower
17:46 Scout Tower
17:47 Scout Tower
17:49 Scout Tower
17:49 Scout Tower
17:54 Guard Tower
17:55 Scout Tower
17:56 Scout Tower
18:04 Guard Tower
18:07 Scout Tower
18:07 Scout Tower
18:08 Scout Tower
18:08 Scout Tower
18:17 Guard Tower
18:24 Guard Tower
18:26 Castle
18:48 Guard Tower
18:49 Scout Tower
18:50 Scout Tower
18:51 Scout Tower
18:51 Scout Tower
18:52 Scout Tower
18:56 Scout Tower
18:57 Scout Tower
18:57 Scout Tower
18:58 Scout Tower
19:00 Guard Tower
19:02 Guard Tower
19:12 Guard Tower
19:15 Guard Tower
19:22 Guard Tower
19:24 Guard Tower
19:29 Gryphon Aviary
19:46 Guard Tower
19:56 Guard Tower
19:59 Guard Tower
20:07 Guard Tower
20:11 Guard Tower
20:12 Guard Tower
20:12 Guard Tower
20:12 Guard Tower
20:14 Guard Tower
20:20 Scout Tower
20:20 Scout Tower
20:21 Scout Tower
20:21 Scout Tower
20:22 Scout Tower
20:23 Scout Tower
20:30 Scout Tower
20:31 Scout Tower
20:32 Scout Tower
20:32 Scout Tower
20:33 Scout Tower
20:33 Scout Tower
20:44 Guard Tower
20:47 Scout Tower
20:52 Guard Tower
20:54 Scout Tower
20:54 Scout Tower
20:56 Scout Tower
20:57 Scout Tower
21:05 Guard Tower
21:06 Scout Tower
21:07 Scout Tower
21:08 Scout Tower
21:35 Guard Tower
21:40 Guard Tower
21:41 Guard Tower
21:56 Farm
22:00 Barracks
22:02 Blacksmith
22:06 Guard Tower
22:11 Guard Tower
22:13 Guard Tower
22:24 Guard Tower
23:08 Guard Tower
24:31 Guard Tower
24:34 Guard Tower
24:38 Guard Tower
25:16 Scout Tower
25:17 Scout Tower
25:18 Scout Tower
25:18 Scout Tower
25:23 Guard Tower
25:43 Scout Tower
25:44 Scout Tower
25:45 Scout Tower
25:46 Scout Tower
25:46 Scout Tower
26:56 Guard Tower
27:37 Guard Tower
27:45 Scout Tower
27:45 Scout Tower
27:46 Scout Tower
27:46 Scout Tower
27:47 Scout Tower
27:54 Farm
30:59 Guard Tower
31:06 Town Hall
31:58 Lumber Mill
» items
| Healing Salve | 5 | |
| Lesser Clarity Potion | 17 | |
| Mechanical Critter | 1 | |
| Scroll of Regeneration | 2 | |
| Potion of Healing | 3 | |
| Orb of Lightning | 2 | |
| Staff of Sanctuary | 2 | |
| Potion of Mana | 1 | |
33 total
Chat log
(00:11 / Allies) GAY.NlGGER: ill tower top
(00:16 / Allies) Gobiner: \middle
(00:41 / Allies) GAY.NlGGER: 20 wood or so would be rly nice
(02:01 / All) GAY.NlGGER: loL
(02:06 / All) sugar_chrisboo: ja wa
(02:12 / All) GAY.NlGGER: stfu star trek
(03:23 / Allies) GAY.NlGGER: 1 tower
(03:24 / Allies) Gobiner: gg
(05:41 / Allies) GAY.NlGGER: dk down
(05:44 / Allies) GAY.NlGGER: my mkain down
(06:09 / Allies) GAY.NlGGER: gold for milll plz
(06:11 / Allies) GAY.NlGGER: err nvm
(06:44 / Allies) GAY.NlGGER: red cant tp fiends back
(07:00 / Allies) GAY.NlGGER: ugh
(08:10 / Allies) GAY.NlGGER: could use gold
(08:13 / Allies) GAY.NlGGER: to start mill ealry
(08:17 / Allies) GAY.NlGGER: so i can secure top
(13:44 / Allies) Gobiner: can I get gold for bats please
(13:59 / Allies) Gobiner: orbs up too
(21:29 / Allies) Gobiner: need gold for more bats
(22:42 / Allies) Gobiner: need gold for hero revive
(24:01 / All) GAY.NlGGER: c u
(24:07 / All) GAY.NlGGER: wouldnt want to b3 u
(26:06 / Allies) Gobiner: gold please
(28:15 / Allies) Gobiner: gold for bats please
(32:24 / All) SCENICWORLD: mine
(32:43 / All) GAY.NlGGER: BUT I WAS HERE FIRST :*
(37:20 / Allies) Gobiner: gold?
(38:33 / All) Gobiner: 2ez
(39:19 / Allies) GAY.NlGGER: p. fun game
(39:24 / All) timg4strOK: gg NOOBS
(39:35 / All) AhH-MarRRrrRCo: o_O
(39:47 / All) AhH-MarRRrrRCo: lamer scheiß ihr einerköpfe
(39:50 / All) timg4strOK: mess with the best end up like the rest
(39:58 / All) timg4strOK: noob leave
(40:13 / All) timg4strOK: yield to the power of human and bow
(40:28 / All) timg4strOK: All Undead Are Noob Lords
(40:29 / All) AhH-MarRRrrRCo: so and know u have to kill all buildings
(40:33 / All) GAY.NlGGER: Oh
(40:38 / All) Gobiner: goodbye noob
(40:40 / All) GAY.NlGGER: \
(40:40 / All) SCENICWORLD: np :))
(40:43 / All) Gobiner: And it would be nice if it came with matching chopstick holder (WITH chopsticks).
(40:50 / All) AhH-MarRRrrRCo: thats the way we play all rdm
(41:04 / All) GAY.NlGGER: we had 3 random
(41:05 / All) GAY.NlGGER: noob
(42:13 / All) SCENICWORLD: toll!!!
(42:28 / All) Gobiner: thanks for the free win
(43:27 / Allies) Gobiner: your gold is safe
(43:29 / Allies) Gobiner: turn me up
(43:42 / Allies) Gobiner: 800%
(45:22 / All) GAY.NlGGER: laffo
(46:25 / All) GAY.NlGGER: nice defense
(46:29 / All) SCENICWORLD: LOL!
(46:32 / All) SCENICWORLD: you are immer noob
(47:00 / All) AhH-MarRRrrRCo: ach ihr kleiner kellerkinder tut mir leid
(47:06 / All) AhH-MarRRrrRCo: kleinen*
(47:08 / All) timg4strOK: eat my turd
(47:19 / All) AhH-MarRRrrRCo: eat my dick
(47:21 / All) timg4strOK: gg leave